 Dungeon Crawl Stone Soup version 0.28-a0-1130-gc51a68064b (webtiles) character file.

Game seed: 418595773235116079

2767 flotson the Conjurer (level 9, -2/71 HPs)
             Began as a Demigod Conjurer on Dec 12, 2021.
             Slain by a five-headed hydra (13 damage)
             ... on level 8 of the Dungeon.
             The game lasted 00:19:38 (9637 turns).

flotson the Conjurer (Demigod Conjurer)             Turns: 9637, Time: 00:19:39

Health: -2/71      AC: 14    Str: 20    XL:     9   Next: 19%
Magic:  13/18      EV: 12    Int: 20    God:
Gold:   157        SH:  0    Dex: 12    Spells: 5/16 levels left

rFire   . . .      SeeInvis .   b - +0 hand crossbow (flame)
rCold   . . .      Faith    .   (no shield)
rNeg    . . .      Spirit   .   E - +0 acid dragon scales
rPois   .          Reflect  .   (helmet restricted)
rElec   .          Harm     .   l - +2 cloak {rCorr}
rCorr   +          Rampage  .   c - +0 pair of gloves
Will    .....                   d - +0 pair of boots
Stlth   +.........              (no amulet)
HPRegen 0.21/turn               I - ring of flight
MPRegen 0.16/turn               (no ring)

@: flying
A: high mp 1, forlorn, divine attributes, horns 1, iridescent scales 1,
MP-powered wands
a: no special abilities


You were on level 8 of the Dungeon.
You visited 2 branches of the dungeon, and saw 9 of its levels.

You collected 377 gold pieces.
You spent 220 gold pieces at shops.

Inventory:

Hand Weapons
 a - a +2 quarterstaff of chaos
 b - a +0 hand crossbow of flaming (weapon)
Missiles
 j - 7 boomerangs
 t - 36 poisoned darts
 w - 6 atropa-tipped darts
 x - 10 javelins
 y - 31 bolts (quivered ammo)
Armour
 c - a +0 pair of gloves (worn)
 d - a +0 pair of boots (worn)
 l - a +2 cloak of preservation (worn)
 m - a +0 helmet
 E - +0 acid dragon scales (worn)
Magical Staves
 k - a staff of fire
Jewellery
 I - a ring of flight (left hand)
Wands
 q - a wand of flame (19)
 v - a wand of charming (7)
 D - a wand of iceblast (6)
 H - a wand of digging (9)
 L - a wand of paralysis (7)
Scrolls
 e - 2 scrolls of amnesia {unknown}
 g - a scroll of vulnerability {unknown}
 i - a scroll of enchant weapon {unknown}
 n - 3 scrolls of identify {unknown}
 p - a scroll of fog {unknown}
 C - a scroll of holy word {unknown}
 F - 2 scrolls of acquirement {unknown}
Potions
 f - 2 potions of mutation
 h - 2 potions of ambrosia
 o - a potion of invisibility {unknown}
 r - a potion of cancellation {unknown}
 s - 3 potions of might
 u - a potion of lignification {unknown}
 z - 3 potions of curing
 A - 4 potions of haste
 B - a potion of heal wounds
 G - 2 potions of brilliance {unknown}
 J - 2 potions of berserk rage {unknown}
 K - a potion of flight {unknown}


   Skills:
 + Level 3.9 Fighting
 + Level 3.5 Staves
 + Level 2.2 Crossbows
 - Level 2.0 Throwing
 + Level 3.8 Armour
 + Level 4.3 Dodging
 - Level 1.7 Stealth
 + Level 4.1 Spellcasting
 + Level 5.4 Conjurations
 + Level 3.8 Hexes
 + Level 3.1 Evocations


You had 5 spell levels left.
You knew the following spells:

 Your Spells              Type           Power      Damage    Failure   Level
a - Magic Dart            Conj           100%       1d8       1%          1
b - Searing Ray           Conj           52%        2d6       2%          2
c - Dazzling Flash        Conj/Hex       44%        N/A       7%          3
d - Fulminant Prism       Conj/Hex       11%        3d9       24%         4
e - Apportation           Tloc           8%         N/A       16%         1

Your spell library contained the following spells:

 Spells                   Type           Power      Damage    Failure   Level
 Cause Fear               Hex            9%         N/A       32%         4
 Iskenderun's Mystic Bla  Conj/Tloc      15%        2d5       45%         4
 Alistair's Intoxication  Tmut/Pois      2%         N/A       99%         5
 Dragon Form              Tmut           2%         N/A       100%        7
 Dragon's Call            Summ           2%         N/A       100%        9


Dungeon Overview and Level Annotations

Branches:
Dungeon (8/15)             Temple (1/1) D:7
   Lair: D:8-11

Shops:
D:4 !


Innate Abilities, Weirdness & Mutations

You have an increased reservoir of magic. (+10% MP)
You shall have no god before yourself.
Your divine heritage dramatically boosts your attributes as you level up.
You have a pair of small horns on your head.
You are partially covered in iridescent scales. (AC +2)
You expend magic power (3 MP) to strengthen your wands.


Message History

The bolt burns the five-headed hydra.
The five-headed hydra is heavily wounded.
The five-headed hydra bites you! The five-headed hydra bites you.
The five-headed hydra closely misses you.
The five-headed hydra bites you! x2
The five-headed hydra bites you but does no damage. x3
The five-headed hydra bites you.
The five-headed hydra barely misses you.
Casting: Searing Ray (safe; 2% risk of failure)
Confirm with . or Enter, or press ? or * to list all spells.
Aiming: Searing Ray (safe; 2% risk of failure)
Press: ? - help, Shift-Dir - straight line, f/p - five-headed hydra
Aim: a five-headed hydra (heavily wounded, 93% to hit)
The searing ray hits the five-headed hydra!
The five-headed hydra is heavily wounded. (Press . to maintain the ray.)
The five-headed hydra bites you. The five-headed hydra bites you!
The five-headed hydra barely misses you.
The five-headed hydra bites you but does no damage.
The five-headed hydra misses you.
The searing ray hits the five-headed hydra.
The five-headed hydra is severely wounded.
The five-headed hydra barely misses you.
The five-headed hydra bites you but does no damage. x2
The five-headed hydra completely misses you.
The five-headed hydra barely misses you.
The searing ray hits the five-headed hydra.
The five-headed hydra is severely wounded.
The five-headed hydra bites you.
* * * LOW HITPOINT WARNING * * *
The five-headed hydra closely misses you. x2
The five-headed hydra bites you!
* * * LOW HITPOINT WARNING * * *
The five-headed hydra closely misses you.
The searing ray hits the five-headed hydra!
The five-headed hydra is severely wounded.
You finish channelling your searing ray.
The five-headed hydra bites you but does no damage. x2
The five-headed hydra bites you!
You die...

... .(. .(. #(# #.#
#(# #D# #@# #.#
########
########.###......#
..............###<###
######.....#........#
##...#########.#####
##.## #........<# #.#
#.###.###.# #.# #.#
#.#


You could see a five-headed hydra.

Vanquished Creatures
  Maggie (D:6)
  Sigmund (D:4)
  5 yaks (D:6)
  Edmund (D:5)
  Menkaure (D:5)
  A water moccasin (D:5)
  An ice beast (D:7)
  2 sky beasts (D:7)
  An ogre (D:7)
  3 scorpions
  A wyvern skeleton (D:5)
  3 wights (D:7)
  3 crimson imps (D:3)
  A hound (D:6)
  Crazy Yiuf (D:3)
  A bullfrog skeleton (D:6)
  An orc priest (D:4)
  Terence (D:2)
  An iguana (D:6)
  A howler monkey skeleton (D:5)
  Robin (D:3)
  8 adders
  A white imp (D:4)
  A worm (D:3)
  A dart slug (D:4)
  8 orcs
  4 endoplasms
  6 giant cockroaches
  18 goblins
  6 hobgoblins
  14 kobolds
  5 quokkas
  11 ball pythons
  11 bats
  3 frilled lizards
  5 rats
134 creatures vanquished.

Vanquished Creatures (others)
  24 plants (D:4)
24 creatures vanquished.

Grand Total: 158 creatures vanquished

Notes
Turn   | Place    | Note
-------+----------+-------------------------------------------
     0 | D:1      | flotson the Demigod Conjurer began the quest for the Orb.
     0 | D:1      | Reached XP level 1. HP: 14/14 MP: 5/5
   461 | D:1      | Reached XP level 2. HP: 22/22 MP: 1/7
   464 | D:1      | Learned a level 2 spell: Searing Ray
  1614 | D:2      | Reached XP level 3. HP: 27/27 MP: 5/8
  1618 | D:2      | Learned a level 3 spell: Dazzling Flash
  1651 | D:2      | Reached skill level 1 in Fighting
  1651 | D:2      | Reached skill level 1 in Armour
  1953 | D:2      | Reached skill level 1 in Throwing
  2142 | D:2      | Reached XP level 4. HP: 35/35 MP: 6/10
  2154 | D:2      | Noticed Terence
  2166 | D:2      | Killed Terence
  3007 | D:3      | Noticed Robin
  3077 | D:3      | Reached skill level 1 in Hexes
  3614 | D:3      | Reached skill level 4 in Conjurations
  3624 | D:3      | Killed Robin
  3810 | D:3      | Reached XP level 5. HP: 41/41 MP: 3/11
  4002 | D:3      | Reached skill level 1 in Staves
  4318 | D:3      | Found a runed translucent door.
  4319 | D:3      | Noticed Crazy Yiuf
  4329 | D:3      | Gained mutation: You have a pair of small horns on your
                  | head. [potion of mutation]
  4329 | D:3      | Gained mutation: You expend magic power (3 MP) to
                  | strengthen your wands. [potion of mutation]
  4329 | D:3      | Gained mutation: You are partially covered in iridescent
                  | scales. (AC +2) [potion of mutation]
  4353 | D:3      | Killed Crazy Yiuf
  4354 | D:3      | Reached XP level 6. HP: 21/48 MP: 4/12
  4547 | D:3      | Learned a level 4 spell: Fulminant Prism
  4753 | D:4      | Noticed Sigmund
  4761 | D:4      | Killed Sigmund
  5279 | D:4      | Reached XP level 7. HP: 56/56 MP: 12/14
  5587 | D:4      | Found Kaupoydi's Distillery.
  5718 | D:4      | Reached skill level 1 in Evocations
  5959 | D:5      | Entered Level 5 of the Dungeon
  5990 | D:5      | Noticed Edmund
  6002 | D:5      | Killed Edmund
  6173 | D:5      | Noticed Menkaure
  6177 | D:5      | Killed Menkaure
  6568 | D:5      | You fall into a shaft and drop 2 floors!
  6568 | D:7      | Noticed a yak
  7136 | D:5      | Reached XP level 8. HP: 16/63 MP: 13/16
  7480 | D:4      | Bought a potion of curing for 30 gold pieces
  7480 | D:4      | Bought a potion of heal wounds for 50 gold pieces
  7480 | D:4      | Bought a potion of might for 40 gold pieces
  7480 | D:4      | Bought a potion of haste for 100 gold pieces
  7638 | D:6      | Learned a level 1 spell: Apportation
  7700 | D:6      | Noticed Maggie
  7718 | D:6      | Killed Maggie
  7719 | D:6      | Reached skill level 1 in Crossbows
  7719 | D:6      | Reached skill level 5 in Conjurations
  8999 | D:6      | Reached XP level 9. HP: 33/71 MP: 3/18
  9388 | D:7      | Found a staircase to the Ecumenical Temple.
  9397 | Temple   | Entered the Ecumenical Temple
  9628 | D:8      | Noticed a five-headed hydra
  9637 | D:8      | Slain by a five-headed hydra

Illustrated notes

Levels and vault maps discovered:
D:1:      kilobyte_arrival_exit_the_forest, layout_basic
D:2:      layout_rooms, nicolae_ecumenical_snake_handling,
          kennysheep_generic_room_13, uniq_terence
D:3:      layout_basic, overflow_temple_1_default, led_xom_imps, uniq_robin,
          uniq_crazy_yiuf_cottage
D:4:      layout_loops_ring, serial_bayou_lagoon_a, wad_floor_pattern_2,
          nicolae_take_the_stairs, uniq_sigmund
D:5:      layout_loops_ring, uniq_edmund, uniq_menkaure
D:6:      layout_loops_ring, uniq_maggie
D:7:      layout_rooms, nicolae_ru_awakened_eye,
          minmay_temple_entry_stoned_glass
D:8:      layout_loops_corners, uniq_erica
Temple:   nicolae_temple_no_exploring_needed

Skill      XL: |  1  2  3  4  5  6  7  8  9 |
---------------+----------------------------+-----
Spellcasting   | 2 3 4 |  4.1
Dodging        | 2 3 4 |  4.3
Fighting       | 1 2 3 |  3.9
Armour         | 1 2 3 |  3.8
Throwing       | 1 2 |  2.0
Hexes          | 1 2 3 |  3.8
Conjurations   | 4 5 |  5.4
Staves         | 1 2 3 |  3.5
Evocations     | 1 2 3 |  3.1
Crossbows      | 2 |  2.2
Stealth        | |  1.7

Action                   |  1- 3 |  4- 6 |  7- 9 || total
-------------------------+-------+-------+-------++-------
Melee: Staff             |       |    64 |       ||    64
       Unarmed           |       |     4 |       ||     4
       Dagger            |       |    51 |       ||    51
       Quarterstaff      |       |     4 |    37 ||    41
       Headbutt          |       |       |     4 ||     4
 Fire: Hand crossbow     |       |       |    73 ||    73
Throw: Javelin           |       |       |     2 ||     2
       Dart              |       |       |     2 ||     2
 Cast: Magic Dart        |    88 |    53 |    35 ||   176
       Searing Ray       |       |    14 |    26 ||    40
  Use: Potion            |       |     3 |       ||     3
 Stab: Sleeping          |       |     2 |     1 ||     3
Armor: Robe              |     2 |    21 |       ||    23
       Animal skin       |       |    25 |    16 ||    41
       Acid dragon scale |       |       |    32 ||    32
Dodge: Dodged            |     3 |    89 |    67 ||   159

Table legend: (Time is in decaauts)
 A = Elapsed time spent in this place.
 B = Non-inter-level travel time spent in this place.
 C = Inter-level travel time spent in this place.
 D = Time resting spent in this place.
 E = Time spent auto-exploring this place.
 F = Levels seen in this place.
 G = Mean time per level.
                   A        B        C        D        E       F      G
               +--------+--------+--------+--------+--------+-----+--------+
         Total |   9738 |   9411 |    327 |     84 |   7998 |   9 | 1082.0 |
       Dungeon |   9725 |   9405 |    320 |     84 |   7998 |   8 | 1215.6 |
        Temple |     13 |      6 |      7 |      0 |      0 |   1 |   13.0 |
               +--------+--------+--------+--------+--------+-----+--------+

Top non-repeatable levels by time:
     D:3: 1799 daAuts
     D:6: 1764 daAuts
     D:1: 1619 daAuts
     D:4: 1496 daAuts
     D:2: 1194 daAuts
     D:5: 1097 daAuts
     D:7: 717 daAuts
     D:8: 35 daAuts
  Temple: 13 daAuts
